 Dungeon Crawl Stone Soup version 0.28.0-53-g5a82cb258f (webtiles) character file.

Game seed: 4153666294527212718

6371 mcbry74 the Geomancer (level 10, -11/50 HPs)
             Began as a Gargoyle Earth Elementalist on July 26, 2022.
             Was a Follower of Sif Muna.
             Mangled by a troll (12 damage)
             ... on level 10 of the Dungeon.
             The game lasted 00:40:43 (9036 turns).

mcbry74 the Geomancer (Gargoyle Earth Elementalist) Turns: 9036, Time: 00:40:43

Health: -11/50     AC: 13    Str: 11    XL:     10   Next: 97%
Magic:  13/13      EV: 11    Int: 21    God:    Sif Muna [*.....]
Gold:   531        SH:  0    Dex: 10    Spells: 3/13 levels left

rFire   . . .      SeeInvis +   G - +4 quarterstaff (chaos)
rCold   . . .      Faith    .   (shield currently unavailable)
rNeg    + . .      Spirit   .   C - +2 robe {Archmagi}
rPois   ∞          Reflect  .   z - +0 helmet
rElec   +          Harm     .   (no cloak)
rCorr   .          Rampage  .   (no gloves)
Will    .....      Archmagi +   F - +0 pair of boots
Stlth   ++........              a - amulet of magic regeneration
HPRegen 0.16/turn               E - +4 ring of slaying
MPRegen 0.53/turn               M - ring of see invisible

@: no status effects
A: sickness immunity, AC +7, negative energy resistance 1, electricity
resistance, torment resistance 1, petrification resistance
a: Renounce Religion, Channel Magic


You were on level 10 of the Dungeon.
You worshipped Sif Muna.
Sif Muna was aware of your devotion.
You visited 2 branches of the dungeon, and saw 11 of its levels.

You collected 531 gold pieces.

Inventory:

Hand Weapons
 f - a +0 hand axe
 u - a +0 dagger of freezing
 y - a +2 whip of electrocution
 B - a +4 spear
 D - a +4 mace
 G - a +4 quarterstaff of chaos (weapon)
 I - a +2 vorpal mace
 J - a +1 mace of venom
 N - the +4 rapier "Lyehelump" {vamp, Str-3 Dex+8}
   (You found it on level 8 of the Dungeon)

   It occasionally heals its wielder for a portion of the damage dealt when it
   wounds a living foe.
   Str:       It affects your strength (-3).
   Dex:       It affects your dexterity (+8).
 O - a +2 shortbow of freezing
Missiles
 g - 22 poisoned darts
 t - 7 boomerangs
 w - 166 stones
 K - a throwing net
 P - 90 arrows
Armour
 b - a +0 robe
 p - a +1 leather armour of cold resistance
 r - a +0 helmet
 z - a +0 helmet (worn)
 C - a +2 robe of the Archmagi (worn)
 F - a +0 pair of boots (worn)
 H - a +0 cloak
 T - +0 steam dragon scales
Magical Staves
 S - a staff of death
Jewellery
 a - an amulet of magic regeneration (around neck)
 E - a +4 ring of slaying (left hand)
 M - a ring of see invisible (right hand)
Wands
 o - a wand of acid (10)
 A - a wand of mindburst (10)
 U - a wand of iceblast (5)
Scrolls
 d - 4 scrolls of fear {unknown}
 h - 11 scrolls of identify {unknown}
 j - 2 scrolls of enchant weapon {unknown}
 k - 4 scrolls of teleportation {unknown}
 m - 2 scrolls of magic mapping {unknown}
 n - a scroll of amnesia {unknown}
 q - a scroll of fog {unknown}
 s - 3 scrolls of immolation {unknown}
 v - a scroll of acquirement {unknown}
 Q - a scroll of summoning {unknown}
 V - 2 scrolls of vulnerability {unknown}
 W - a scroll of silence {unknown}
Potions
 c - 2 potions of haste {unknown}
 e - 5 potions of curing {unknown}
 i - 6 potions of degeneration {unknown}
 l - 4 potions of lignification {unknown}
 x - a potion of resistance
 L - a potion of flight {unknown}
 R - 2 potions of magic {unknown}
 X - a potion of berserk rage {unknown}


   Skills:
 - Level 0.4(2.8) Maces & Flails
 + Level 4.6 Staves
 - Level 4.0 Armour
 - Level 1.5 Dodging
 - Level 2.1 Stealth
 - Level 2.0 Spellcasting
 + Level 10.5 Conjurations
 + Level 4.8 Transmutations
 + Level 11.2 Earth Magic
 + Level 4.5 Invocations


You had 3 spell levels left.
You knew the following spells:

 Your Spells              Type           Power      Damage    Failure   Level
a - Sandblast             Erth           100%       2d20      1%          1
b - Stone Arrow           Conj/Erth      100%       3d13      1%          3
c - Passwall              Tmut/Erth      43%        N/A       1%          2
d - Petrify               Tmut/Erth      52%        N/A       5%          4

Your spell library contained the following spells:

 Spells                   Type           Power      Damage    Failure   Level
 Wereblood                Tmut           33%        N/A       3%          2
 Slow                     Hex            12%        N/A       14%         1
 Blink                    Tloc           6%         N/A       22%         2
 Confusing Touch          Hex            3%         N/A       41%         3
 Lesser Beckoning         Tloc           3%         N/A       41%         3
 Vampiric Draining        Necr           3%         2d6       41%         3
 Animate Armour           Summ/Erth      76%        N/A       14%         4
 Manifold Assault         Tloc           3%         N/A       99%         5
 Summon Hydra             Summ           1%         N/A       100%        7
 Lehudib's Crystal Spear  Conj/Erth      32%        10d8      100%        8
 Sublimation of Blood     Necr           Unusable   N/A       N/A         2

Dungeon Overview and Level Annotations

Branches:
Dungeon (10/15)            Temple (1/1) D:7
   Lair: D:8-11         Orc: D:9-12

Altars:
Cheibriados
Elyvilon
Kikubaaqudgha
Nemelex Xobeh
Okawaru
Ru
Sif Muna
Trog
Uskayaw
Yredelemnul
Zin
Beogh
Lugonu

Shops:
D:7 ([   D:8 [

Portals:
Abyss: D:10


Innate Abilities, Weirdness & Mutations

You are immune to sickness and miasma.
Your stone body is resilient. (AC +7)
You are immune to poison.
You resist negative energy. (rN+)
You are resistant to electric shocks. (rElec)
You are resistant to unholy torment.
You are immune to petrification.


Message History

Casting: Stone Arrow (safe; 1% risk of failure)
Confirm with . or Enter, or press ? or * to list all spells.
Aiming: Sandblast (safe; 1% risk of failure)
Press: ? - help, Shift-Dir - straight line, f/p - troll
Aim: a troll (heavily wounded, 84% to hit)
You feel a surge of power!
The blast of sand hits the troll!!
You kill the troll!
Sif Muna accepts your kill.
The troll leather armour is intact enough to wear.
w - 167 stones You hear an angry growl.
A troll comes into view.
A black bear and a two-headed ogre come into view.
A water moccasin comes into view.
You see here 10 stones.
Casting: Sandblast (safe; 1% risk of failure)
Confirm with . or Enter, or press ? or * to list all spells.
Aiming: Sandblast (safe; 1% risk of failure)
Press: ? - help, Shift-Dir - straight line, f - troll
Aim: a troll (84% to hit)
You feel a surge of power!
The blast of sand hits the troll.
The troll is lightly wounded.
w - 166 stones You sock the troll!
The troll goes berserk!
The troll is lightly wounded.
The troll bites you. The troll barely misses you. The troll claws you!
The troll closely misses you. The troll claws you! The troll claws you.
You sock the troll!
The troll is moderately wounded.
The troll bites you but does no damage. The troll claws you.
The troll claws you!!
* * * LOW HITPOINT WARNING * * *
The troll barely misses you. x2; The troll closely misses you.
The troll bites you but does no damage. The troll closely misses you.
The troll misses you. The troll bites you.
* * * LOW HITPOINT WARNING * * *
The troll claws you but does no damage. x2
The troll bites you but does no damage. The troll claws you!
You die...

..#### #.## # #(# .....##
.....#..#.##
......####..#....#..#
.........#....>#.##.## #
..<......##.#....##..## .#
..)......##.##....##..# #..####
..))........#..#..###O# #...#.#
#.......<.#.......###.##...... #
#.........>.....@T.O#.#.#...##
.#
#......................###...#.#
............#.........#.#......#
#...........##........).§.....#
#.#.####....##..........∩..#...#
#.... ##.....####....#§..## ...
#####...........#........
#######...##...###..#
#...###...#


You could see a two-headed ogre and a troll (berserk).

Vanquished Creatures
  A two-headed ogre (D:9)
  Pikel (D:5)
  A water nymph (shapeshifter) (D:8)
  A troll (D:10)
  Grinder (D:3)
  A shadow (D:9)
  A wraith (D:10)
  2 steam dragons (D:9)
  4 yaks (D:8)
  2 water moccasins
  A sky beast (D:7)
  An ice beast (D:6)
  2 orc warriors (D:9)
  3 black bears
  2 ogres
  5 centaurs
  A phantom (D:5)
  A kobold brigand (D:10)
  4 bullfrogs
  A gnoll sergeant (D:7)
  A wyvern zombie (D:7)
  5 killer bees (D:9)
  5 wights
  2 centaur zombies
  A jelly (D:5)
  5 orc priests
  Crazy Yiuf (D:6)
  A bullfrog skeleton (D:5)
  2 hounds
  2 centaur skeletons
  4 iguanas
  Ijyb (D:5)
  A gnoll shaman (D:7)
  A scorpion zombie (D:3)
  7 orc wizards
  A hound zombie (D:3)
  A hound skeleton (D:4)
  5 howler monkey zombies
  A mummy (D:6)
  8 gnolls (D:7)
  7 adders
  A white imp (D:6)
  2 ufetubi
  An adder zombie (D:3)
  An adder skeleton (D:4)
  3 worms
  2 dart slugs
  16 orcs
  5 endoplasms (D:1)
  3 giant cockroaches
  7 goblins
  5 hobgoblins
  5 jackals
  2 quokkas (D:2)
  A ball python (D:4)
  2 ball python skeletons (D:3)
  2 ball python zombies (D:3)
  4 bats
  A frilled lizard (D:2)
  A jackal skeleton (D:3)
  9 kobolds
  A quokka skeleton (D:3)
  A quokka zombie (D:3)
  2 rats
  A lurking horror (D:10)
176 creatures vanquished.

Vanquished Creatures (others)
  55 fungi
  43 plants (D:10)
  5 withered plants (D:3)
103 creatures vanquished.

Grand Total: 279 creatures vanquished

Notes
Turn   | Place    | Note
-------+----------+-------------------------------------------
     0 | D:1      | mcbry74 the Gargoyle Earth Elementalist began the quest for
                  | the Orb.
     0 | D:1      | Reached XP level 1. HP: 10/10 MP: 3/3
   117 | D:1      | You fall into a shaft and drop 1 floor!
   122 | D:2      | Reached skill level 4 in Earth Magic
   226 | D:1      | Reached XP level 2. HP: 15/15 MP: 3/5
  1031 | D:2      | Reached XP level 3. HP: 19/19 MP: 4/6
  1039 | D:2      | Found a white marble altar of Elyvilon.
  1106 | D:2      | Reached skill level 5 in Earth Magic
  1161 | D:2      | Learned a level 3 spell: Stone Arrow
  1341 | D:3      | Reached skill level 1 in Conjurations
  1368 | D:3      | Reached XP level 4. HP: 24/24 MP: 5/7
  1672 | D:3      | Found a faded altar of an unknown god.
  1850 | D:3      | Identified the +0 hand axe of the Shimmering Asp {spect,
                  | rElec Int+4 Dex-3}
  1916 | D:3      | Reached skill level 6 in Earth Magic
  1916 | D:3      | Reached XP level 5. HP: 25/28 MP: 4/8
  1998 | D:4      | Noticed a black bear
  2295 | D:4      | Noticed Grinder
  2413 | D:4      | Reached XP level 6. HP: 32/32 MP: 3/9
  2770 | D:4      | Paralysed by Grinder for 3 turns
  2814 | D:3      | Killed Grinder
  2815 | D:3      | Reached skill level 5 in Conjurations
  2815 | D:3      | Reached skill level 7 in Earth Magic
  2815 | D:3      | Reached XP level 7. HP: 22/36 MP: 0/10
  3415 | D:5      | Entered Level 5 of the Dungeon
  3419 | D:5      | Learned a level 2 spell: Passwall
  3564 | D:5      | Noticed Pikel
  3568 | D:5      | Killed Pikel
  3569 | D:5      | Reached skill level 8 in Earth Magic
  3569 | D:5      | Reached XP level 8. HP: 41/41 MP: 2/11
  4242 | D:5      | Reached skill level 1 in Armour
  4267 | D:5      | Reached skill level 1 in Transmutations
  4271 | D:5      | Reached skill level 9 in Earth Magic
  4554 | D:5      | Noticed Ijyb
  4556 | D:5      | Killed Ijyb
  4907 | D:6      | Reached XP level 9. HP: 44/45 MP: 6/12
  5629 | D:6      | Found a runed translucent door.
  5630 | D:6      | Noticed Crazy Yiuf
  5634 | D:6      | Killed Crazy Yiuf
  5692 | D:6      | Found a snail-covered altar of Cheibriados.
  5852 | D:7      | Reached skill level 1 in Staves
  6409 | D:7      | Found Yniuree's Antique Weapon Boutique.
  6421 | D:7      | Learned a level 4 spell: Petrify
  6457 | D:7      | Reached skill level 10 in Earth Magic
  6506 | D:7      | Found Wurche's Antique Armour Emporium.
  6681 | D:7      | Found a staircase to the Ecumenical Temple.
  6704 | Temple   | Entered the Ecumenical Temple
  6863 | Temple   | Became a worshipper of Sif Muna the Loreminder
  7195 | D:8      | Identified the +4 rapier "Lyehelump" {vamp, Str-3 Dex+8}
  7226 | D:8      | Found Nosybuf's Armour Shop.
  7255 | D:8      | Reached skill level 1 in Invocations
  7260 | D:8      | Reached XP level 10. HP: 50/50 MP: 3/13
  7270 | D:8      | Noticed a faun
  7270 | D:8      | a shapeshifter changed into a faun
  7272 | D:8      | Noticed a water nymph
  7272 | D:8      | a faun changed into a water nymph
  7288 | D:8      | Killed a water nymph
  8024 | D:9      | Reached skill level 10 in Conjurations
  8105 | D:9      | Reached * piety under Sif Muna
  8251 | D:9      | Noticed a two-headed ogre
  8255 | D:9      | Killed a two-headed ogre
  8296 | D:9      | Reached skill level 11 in Earth Magic
  8865 | D:10     | Entered Level 10 of the Dungeon
  8900 | D:10     | Found a corrupted altar of Lugonu.
  8900 | D:10     | Found a one-way gate to the infinite horrors of the Abyss.
  9020 | D:10     | Noticed a two-headed ogre
  9034 | D:10     | HP: 1/50 [troll (6)]
  9036 | D:10     | Mangled by a troll

Illustrated notes

Levels and vault maps discovered:
D:1:      lightli_arrival_statuegarden, layout_loops_cross,
          minmay_misc_feat_room
D:2:      layout_rooms, basic_altar, fountainhead
D:3:      layout_basic, serial_undead, serial_undead_f, serial_undead_b,
          serial_undead_c, serial_undead_f, serial_undead_f, serial_undead_d,
          serial_undead_e, serial_undead_b, serial_undead_b, serial_undead_e,
          hellmonk_ecumenical_altar_defaced_shrine
D:4:      layout_basic, serial_glass, glass_columns_c, glass_columns_c,
          glass_columns_c, glass_columns_c, glass_columns_c, glass_columns_b,
          grunt_ministairs_13, uniq_grinder
D:5:      layout_basic, serial_aquarium, aquarium_bridge_square
          [aquarium_subvault_wall, aquarium_subvault_bridge,
          aquarium_subvault_bridge, aquarium_subvault_wall],
          aquarium_bridge_long_separate [aquarium_subvault_bridge,
          aquarium_subvault_bridge, aquarium_subvault_bridge,
          aquarium_subvault_wall, aquarium_subvault_balcony,
          aquarium_subvault_bridge], aquarium_window_corridor_2,
          aquarium_window_fake, aquarium_view_2d,
          chequers_serial_rivers_micro_b, uniq_ijyb, uniq_pikel
D:6:      layout_rooms, slow_altar_2, uniq_crazy_yiuf_cottage
D:7:      layout_loops_cross, minmay_temple_entry_junction, serial_shops, shop,
          shop
D:8:      layout_cave_pools, serial_shops, shop_fountains,
          minmay_misc_feat_plants
D:9:      minmay_evil_eye, layout_loops_cross
D:10:     layout_rooms, due_lair_maze_entry_diamond, minmay_misc_feat_ornament,
          amcnicky_altar_lugonu_corruption
Temple:   mainiacjoe_temple_trianglar_array

Skill      XL: |  1  2  3  4  5  6  7  8  9 10 |
---------------+-------------------------------+-----
Earth Magic    | 4 5 6 7 8 9 10 11 | 11.2
Conjurations   | 1 2 3 5 7 8 9 10 | 10.5
Armour         | 2 4 |  4.0
Transmutations | 1 3 4 |  4.8
Staves         | 2 4 |  4.6
Invocations    | 2 4 |  4.5
Maces & Flails | |  0.4
Dodging        | |  1.5
Stealth        | |  2.1
Spellcasting   | |  2.0

Action                   |  1- 3 |  4- 6 |  7- 9 | 10-12 || total
-------------------------+-------+-------+-------+-------++-------
Melee: Unarmed           |    37 |    15 |       |       ||    52
       Whip              |       |       |    32 |       ||    32
       Quarterstaff      |       |       |    18 |    57 ||    75
       Mace              |       |       |     7 |       ||     7
       Spear             |       |       |     4 |       ||     4
 Cast: Sandblast         |    41 |    47 |    12 |    45 ||   145
       Stone Arrow       |       |    21 |    90 |    28 ||   139
       Petrify           |       |       |       |     2 ||     2
Armor: Robe              |    25 |    24 |    53 |    38 ||   140
       Leather armour    |       |       |     1 |       ||     1
Dodge: Dodged            |    26 |    28 |    30 |    55 ||   139
